 Dungeon Crawl Stone Soup version 0.26.1-2-gb8aa6d0cf2 (webtiles) character file.

Game seed: 17268299304520880610

155 nightchill the Cudgeller (level 5, 33/33 HPs)
             Began as a Gargoyle Fighter on Feb 17, 2021.
             Quit the game on level 3 of the Dungeon.
             The game lasted 00:04:31 (3029 turns).

nightchill the Cudgeller (Gargoyle Fighter)         Turns: 3029, Time: 00:04:32

Health: 33/33      AC: 12    Str: 19    XL:     5   Next: 37%
Magic:  5/5        EV:  7    Int: 10    God:
Gold:   108        SH:  9    Dex:  9    Spells: 4/4 levels left

rFire    . . .     SeeInvis .   a - +0 flail
rCold    . . .     Faith    .   c - +0 kite shield
rNeg     + . .     Spirit   .   b - +0 scale mail
rPois    ∞         Reflect  .   (no helmet)
rElec    +         Harm     .   h - +0 cloak
rCorr    .         Rampage  .   (no gloves)
Will     .....                  (no boots)
Stlth    ..........             (no amulet)
HPRegen  0.11/turn              (no ring)
MPRegen  0.09/turn              (no ring)

@: no status effects
A: negative energy resistance 1, electricity resistance, unbreathing,
petrification resistance, miasma immunity, AC +4
a: no special abilities


You were on level 3 of the Dungeon.
You visited 1 branch of the dungeon, and saw 3 of its levels.

You collected 108 gold pieces.

Inventory:

Hand Weapons
 a - a +0 flail (weapon)
Missiles
 k - 17 poisoned darts (quivered)
 l - 67 stones
Armour
 b - a +0 scale mail (worn)
 c - a +0 kite shield (worn)
 e - +0 ice dragon scales
 h - a +0 cloak (worn)
 p - a +0 scale mail
Jewellery
 o - an uncursed amulet of guardian spirit {unknown}
Scrolls
 f - 2 scrolls of remove curse {unknown}
 g - a scroll of teleportation {unknown}
 i - a scroll of magic mapping {unknown}
 n - a scroll of identify {unknown}
 q - a scroll of amnesia {unknown}
Potions
 d - a potion of might
 j - a potion of curing {unknown}
 m - a potion of attraction {unknown}
 r - a potion of lignification {unknown}


   Skills:
 + Level 4.2 Fighting
 * Level 4.3 Maces & Flails
 - Level 3.2 Armour
 + Level 1.1 Dodging
 + Level 0.6 Stealth
 - Level 3.2 Shields


You had 4 spell levels left.
You didn't know any spells.
Your spell library was empty.

Dungeon Overview and Level Annotations

Branches:
Dungeon (3/15)

Altars:


Innate Abilities, Weirdness & Mutations

You are resistant to torment.
Your stone body is resilient. (AC +4)
You are immune to poison.
You resist negative energy. (rN+)
You are resistant to electric shocks. (rElec)
You can survive without breathing.
You are immune to petrification.
You are immune to miasma.


Message History

The adder bites you but does no damage.
You barely miss the adder.
The adder is lightly wounded.
You block the adder's attack. The adder bites you but does no damage.
You closely miss the adder.
The adder is lightly wounded.
The adder bites you but does no damage. You block the adder's attack.
You closely miss the adder.
The adder is lightly wounded.
The adder bites you but does no damage.
You closely miss the adder.
The adder is lightly wounded.
The adder barely misses you. You block the adder's attack.
You thump the adder!
You kill the adder!
Your Dodging skill increases to level 1!
You start resting.
HP restored.
Found a hunting sling.
Are you sure you want to abandon this character and quit the game? (Confirm with "yes".)

#####.........# #.#
...†...#############.#
#####..# #.....# #..#
#.##### #..# #.# #.h#
#.# #h.# #.# #..# #.#
#.h# #@# #.[.
....).......... ...<
.!#####........ .#.#
.####...# #.### . .##
#. # #. #.


There were no monsters in sight!

Vanquished Creatures
  An orc priest (D:3)
  A worker ant (D:3)
  2 adders (D:3)
  A white imp (D:2)
  3 worms
  5 leopard geckos
  7 orcs (D:3)
  3 giant cockroaches
  4 goblins
  4 hobgoblins
  4 jackals (D:3)
  A quokka (D:2)
  A ball python (D:1)
  3 bats (D:1)
  3 frilled lizards
  11 kobolds
  3 rats
57 creatures vanquished.

Notes
Turn   | Place    | Note
-------+----------+-------------------------------------------
     0 | D:1      | nightchill the Gargoyle Fighter began the quest for the
                  | Orb.
     0 | D:1      | Reached XP level 1. HP: 14/14 MP: 1/1
   388 | D:1      | Reached XP level 2. HP: 17/19 MP: 2/2
  1411 | D:2      | Reached XP level 3. HP: 24/24 MP: 3/3
  2421 | D:3      | Reached XP level 4. HP: 25/29 MP: 4/4
  2670 | D:3      | Reached XP level 5. HP: 27/33 MP: 5/5
  2967 | D:3      | Reached skill level 1 in Dodging
  3029 | D:3      | Quit the game

Illustrated notes

Levels and vault maps discovered:
D:1:      matt_arrival_grand_opening, layout_basic, minmay_misc_feat_room,
          minmay_misc_feat_five, moated_statue, minmay_misc_feat_tiny
D:2:      layout_loops_ring
D:3:      layout_loops_ring, wander_ebering_terrifying_dragon_lair

Skill      XL: |  1  2  3  4  5 |
---------------+----------------+-----
Fighting       | 4 |  4.2
Maces & Flails | 3 4 |  4.3
Dodging        | 1 |  1.1
Armour         | |  3.2
Stealth        | |  0.6
Shields        | |  3.2

Action                   |  1- 3 |  4- 6 || total
-------------------------+-------+-------++-------
Melee: Flail             |   166 |    85 ||   251
Armor: Scale mail        |    82 |    35 ||   117
Dodge: Dodged            |    44 |    27 ||    71
Block: Kite shield       |    94 |    35 ||   129
